 Dungeon Crawl Stone Soup version 0.30-a0-118-ga018f8e90f (webtiles) character file.

Game seed: 5084127084769028583

16489 writerjack the Severer (level 12, -3/110 HPs)
             Began as a Minotaur Berserker on Sept 13, 2022.
             Was a High Priest of Trog.
             Slain by a two-headed ogre
             ... wielding a +0 giant club
              (18 damage)
             ... while paralysed by an orc sorcerer
             ... on level 2 of the Orcish Mines.
             The game lasted 00:44:56 (13361 turns).

writerjack the Severer (Minotaur Berserker)        Turns: 13361, Time: 00:44:57

Health: -3/110     AC: 13    Str: 30    XL:     12   Next: 10%
Magic:  11/11      EV:  2    Int:  4    God:    Trog [*****.]
Gold:   746        SH:  0    Dex: 15    Spells: 11/11 levels left

rFire   . . .      SeeInvis .    t - +5 war axe (drain)
rCold   . . .      Faith    .    h - +0 buckler
rNeg    . . .      Spirit   .    u - +4 ring mail of Hecaryer {rElec rCorr Str+2}
rPois   .          Reflect  +    (helmet restricted)
rElec   +          Harm     .    (no cloak)
rCorr   +          Rampage  .    M - +0 pair of gloves
Will    .....                    i - +0 pair of boots
Stlth   +.........               K - amulet of reflection
HPRegen 0.28/turn                n - +6 ring of dexterity
MPRegen 0.12/turn                b - +4 ring of evasion

@: paralysed
A: horns 2, retaliatory headbutt
a: Renounce Religion, Berserk, Trog's Hand, Brothers in Arms


You were on level 2 of the Orcish Mines.
You worshipped Trog.
Trog was extremely pleased with you.
You visited 2 branches of the dungeon, and saw 14 of its levels.

You collected 1055 gold pieces.
You spent 309 gold pieces at shops.

Inventory:

Hand Weapons
 r - a +0 executioner's axe
 t - a +5 war axe of draining (weapon)
 I - a +5 spear
Missiles
 e - 4 throwing nets
 l - 6 boomerangs (quivered)
 y - 41 poisoned darts
Armour
 h - a +0 buckler (worn)
 i - a +0 pair of boots (worn)
 u - the +4 ring mail of Hecaryer (worn) {rElec rCorr Str+2}
   (You took it off a wight on level 9 of the Dungeon)

   Str:       It affects your strength (+2).
   rElec:     It insulates you from electricity.
   rCorr:     It protects you from acid and corrosion.
 x - a +0 plate armour
 M - a +0 pair of gloves (worn)
Jewellery
 a - a ring of protection from fire
 b - a +4 ring of evasion (right hand)
 g - a ring of positive energy
 n - a +6 ring of dexterity (left hand)
 o - a ring of resist corrosion
 E - a ring of willpower
 F - a ring of poison resistance
 K - an amulet of reflection (around neck)
Wands
 J - a wand of light (5)
 N - a wand of polymorph (4)
Scrolls
 c - 5 scrolls of teleportation
 d - 2 scrolls of poison
 j - a scroll of amnesia {unknown}
 m - a scroll of magic mapping {unknown}
 s - a scroll of fear {unknown}
 v - a scroll of summoning {unknown}
 z - a scroll of immolation {unknown}
 D - 3 scrolls of enchant armour
 O - a scroll of blinking {unknown}
Potions
 f - a potion of mutation
 k - 3 potions of flight
 p - 6 potions of curing
 q - 3 potions of lignification
 A - 5 potions of might
 B - a potion of magic {unknown}
 C - 2 potions of heal wounds
 G - a potion of degeneration {unknown}


   Skills:
 * Level 11.1 Fighting
 - Level 16.0 Axes
 - Level 3.1 Throwing
 + Level 8.0 Armour
 - Level 3.1 Dodging
 - Level 11.3 Shields


You had 11 spell levels left.
You didn't know any spells.
Your spell library contained the following spells:

 Spells                   Type           Power      Damage    Failure   Level
 Ensorcelled Hibernation  Hex/Ice        0%         N/A       80%         2
 Passwall                 Tmut/Erth      0%         N/A       80%         2
 Swiftness                Air            0%         N/A       95%         3
 Tukima's Dance           Hex            0%         N/A       95%         3
 Passage of Golubria      Tloc           0%         N/A       100%        4
 Yara's Violent Unravell  Hex/Tmut       0%         3d3       100%        5


Dungeon Overview and Level Annotations

Branches:
Dungeon (12/15)            Temple (0/1) D:7             Orc (1/2) D:11
    Elf (0/3) Orc:2
   Lair: D:8-11

Altars:
Ashenzari
Dithmenos
Fedhas
Nemelex Xobeh
Zin
The Shining One

Shops:
D:4 !   D:5 *   D:11 ?


Innate Abilities, Weirdness & Mutations

You have a pair of horns on your head.
You reflexively headbutt those who attack you in melee.


Message History

You closely miss the troll. Your headbutt misses the troll.
The troll is moderately wounded.
The troll barely misses you. You furiously retaliate!
You headbutt the troll! The troll barely misses you.
You block the troll's attack.
You slice the troll!!
You kill the troll!
Trog accepts your kill.
The troll leather armour is intact enough to wear.
Your Armour skill increases to level 8!
You block the orc sorcerer's attack.
Things that are here:
a +0 troll leather armour; a troll corpse You closely miss the orc sorcerer.
You block the orc sorcerer's attack.
An orc warrior comes into view. It is wielding a +0 halberd.
You slash the orc sorcerer!
The orc sorcerer is heavily wounded.
You slash the two-headed ogre! You drain the two-headed ogre!
The orc sorcerer hits you but does no damage.
You block the two-headed ogre's attack. x2
You slash the orc sorcerer! You drain the orc sorcerer.
You headbutt the orc sorcerer.
The orc sorcerer is almost dead.
You slash the two-headed ogre!
The orc sorcerer gestures at you while chanting.
You suddenly lose the ability to move!
The two-headed ogre hits you with a +0 giant club! x2
A troll comes into view.
The orc sorcerer hits you but does no damage.
The troll shouts!
The orc warrior hits you from afar with a +0 halberd!
The orc sorcerer casts a spell at you. The bolt of fire hits you!!
The two-headed ogre hits you with a +0 giant club! x2
* * * LOW HITPOINT WARNING * * *
The orc warrior hits you from afar with a +0 halberd.
* * * LOW HITPOINT WARNING * * *
The orc sorcerer hits you but does no damage.
The cyclops hits you but does no damage.
The two-headed ogre hits you with a +0 giant club!!
You die...

#....# ....## #.#..###
#### #......## #...
........# #..
.......## #.. ..#...##
#o## .. ..#....# #oO#
.... ......##
#@##..C.. ....###
####.C..T... ....##
##........... .....##
#...#....#### ......#
#...#....... ...#.##
##..#.#....# ).####
#..#.#..#.... .... ))#
#...#........ .... #.
.##
#......#..####..###...


You could see a two-headed ogre (drained), a cyclops, a troll, an orc sorcerer
(drained) and an orc warrior.

Vanquished Creatures
  Josephine (D:10)
  A centaur warrior (D:10)
  A two-headed ogre (Orc:2)
  The ghost of Lance11888 the Trooper, a novice GrCK of Xom (D:8)
  Pikel (D:9)
  An orc knight (Orc:1)
  An ugly thing (D:10)
  2 cyclopes (D:10)
  A moth of wrath (D:8)
  A manticore (D:11)
  2 unseen horrors
  2 kobold demonologists (D:9)
  4 trolls
  6 saltlings (Orc:2)
  Prince Ribbit (D:8)
  A vampire (D:8)
  2 wyverns
  3 wraiths (D:10)
  5 yaks (D:8)
  A spriggan (shapeshifter) (D:10)
  2 steam dragons (D:9)
  5 acid dragons
  4 water moccasins
  4 black bears
  11 orc warriors
  A sky beast (D:6)
  5 ogres
  3 centaurs
  2 lemures (D:9)
  2 phantoms
  7 kobold brigands
  6 bullfrogs
  6 scorpions
  A necrophage (D:7)
  13 wights
  2 killer bees (D:10)
  3 howler monkeys
  2 hounds (D:5)
  7 orc priests
  2 gnoll boudas
  4 iguanas
  Terence (D:2)
  Natasha (twice) (D:3)
  7 orc wizards
  A hound zombie (D:3)
  A hound skeleton (D:3)
  4 gnolls (D:7)
  7 adders
  2 shadow imps
  2 ufetubi
  An adder zombie (D:3)
  2 worms
  2 dart slugs (D:1)
  43 orcs
  6 ball pythons
  7 bats
  4 endoplasms
  2 giant cockroaches
  8 goblins
  8 hobgoblins
  2 jackals (D:1)
  19 kobolds
  5 quokkas
  A frilled lizard (D:1)
  7 rats
274 creatures vanquished.

Vanquished Creatures (others)
  7 bushes (D:8)
  12 fungi
  11 pillars of salt (Orc:2)
  10 plants
  4 withered plants (D:3)
44 creatures vanquished.

Grand Total: 318 creatures vanquished

Notes
Turn   | Place    | Note
-------+----------+-------------------------------------------
     0 | D:1      | writerjack the Minotaur Berserker began the quest for the
                  | Orb.
     0 | D:1      | Reached XP level 1. HP: 19/19 MP: 0/0
    19 | D:1      | Reached XP level 2. HP: 19/27 MP: 1/1
   178 | D:1      | Reached skill level 4 in Axes
   820 | D:1      | Reached ** piety under Trog
   821 | D:1      | Reached XP level 3. HP: 33/33 MP: 2/2
   886 | D:1      | Found a faded altar of an unknown god.
  1467 | D:3      | Noticed Natasha
  1736 | D:2      | Noticed Terence
  1750 | D:2      | Killed Terence
  1751 | D:2      | Reached XP level 4. HP: 22/41 MP: 3/3
  2287 | D:3      | Killed Natasha
  2289 | D:3      | Reached skill level 5 in Axes
  2309 | D:3      | Reached skill level 1 in Throwing
  2394 | D:3      | Reached XP level 5. HP: 47/47 MP: 4/4
  2583 | D:3      | Noticed Natasha
  2593 | D:3      | Killed Natasha
  2839 | D:4      | Reached *** piety under Trog
  2841 | D:4      | You fall into a shaft and drop 1 floor!
  2841 | D:5      | Entered Level 5 of the Dungeon
  2842 | D:5      | Noticed an ogre
  2849 | D:5      | Killed an ogre
  2850 | D:5      | Reached skill level 6 in Axes
  2850 | D:5      | Reached XP level 6. HP: 53/53 MP: 5/5
  2946 | D:5      | Reached skill level 7 in Axes
  2979 | D:4      | Found Asunguhi's Distillery.
  3202 | D:5      | Found Ezxiemo's Mayhem Merchandise.
  3208 | D:5      | Bought a +0 executioner's axe for 120 gold pieces
  3219 | D:5      | Reached XP level 7. HP: 59/60 MP: 6/6
  3925 | D:6      | Reached skill level 8 in Axes
  3940 | D:6      | Reached skill level 9 in Axes
  4452 | D:6      | Reached skill level 10 in Axes
  4452 | D:6      | Reached XP level 8. HP: 67/67 MP: 7/7
  4462 | D:6      | Found a sparkling altar of Nemelex Xobeh.
  4621 | D:6      | Found a broken altar of Ashenzari.
  4821 | D:6      | Reached skill level 11 in Axes
  5381 | D:7      | Reached skill level 12 in Axes
  5391 | D:7      | Found a shadowy altar of Dithmenos.
  5438 | D:7      | Reached **** piety under Trog
  5632 | D:7      | Reached skill level 13 in Axes
  5632 | D:7      | Reached XP level 9. HP: 72/72 MP: 8/8
  5949 | D:7      | Found a staircase to the Ecumenical Temple.
  6145 | D:8      | Noticed Prince Ribbit
  6152 | D:8      | Killed Prince Ribbit
  6158 | D:8      | Found a blossoming altar of Fedhas.
  6293 | D:7      | Reached skill level 14 in Axes
  6660 | D:7      | Found a glowing golden altar of the Shining One.
  7566 | D:9      | Reached skill level 15 in Axes
  7614 | D:9      | Noticed a kobold demonologist
  7616 | D:9      | Noticed a hellwing
  7618 | D:9      | Noticed a kobold demonologist
  7624 | D:9      | Killed a kobold demonologist
  7625 | D:9      | Found a glowing silver altar of Zin.
  7632 | D:9      | Killed a kobold demonologist
  7635 | D:9      | Reached skill level 16 in Axes
  7769 | D:9      | Noticed a troll
  7782 | D:9      | Killed a troll
  7783 | D:9      | Reached XP level 10. HP: 38/80 MP: 9/9
  7811 | D:8      | Reached skill level 5 in Fighting
  8767 | D:8      | Found a transporter.
  8773 | D:8      | Noticed a moth of wrath
  8787 | D:8      | Found a transporter.
  8790 | D:8      | Noticed Lance11888's ghost (novice GrCK)
  8851 | D:8      | Killed a moth of wrath
  8852 | D:8      | Reached skill level 5 in Armour
  8860 | D:8      | Killed Lance11888's ghost
  9529 | D:8      | Reached skill level 1 in Shields
  9816 | D:9      | Identified the +4 ring mail of Hecaryer {rElec rCorr Str+2}
 10175 | D:10     | Entered Level 10 of the Dungeon
 10410 | D:9      | Reached skill level 10 in Fighting
 10513 | D:9      | Noticed Pikel
 10527 | D:9      | Killed Pikel
 10528 | D:9      | Reached XP level 11. HP: 85/101 MP: 10/10
 11368 | D:10     | Noticed Josephine
 11384 | D:10     | Killed Josephine
 11805 | D:10     | Identified the +1 robe of Moral Flaws {Slay+2 Archmagi}
 11821 | D:10     | Noticed a centaur warrior
 11831 | D:10     | Killed a centaur warrior
 11880 | D:10     | Noticed a green ugly thing
 11888 | D:10     | Killed a green ugly thing
 12178 | D:11     | Found Ibrisenn's Magic Scroll Shop.
 12191 | D:11     | Bought a scroll of enchant weapon for 105 gold pieces
 12191 | D:11     | Bought a scroll of identify for 28 gold pieces
 12191 | D:11     | Bought a scroll of identify for 28 gold pieces
 12191 | D:11     | Bought a scroll of identify for 28 gold pieces
 12225 | D:11     | Found a staircase to the Orcish Mines.
 12244 | Orc:1    | Entered Level 1 of the Orcish Mines
 12281 | Orc:1    | Noticed an orc knight
 12294 | Orc:1    | Killed an orc knight
 12295 | Orc:1    | Reached skill level 10 in Shields
 12304 | Orc:1    | You fall into a shaft and drop 1 floor!
 12304 | Orc:2    | Entered Level 2 of the Orcish Mines
 12307 | Orc:2    | Noticed a two-headed ogre
 12321 | Orc:2    | Killed a two-headed ogre
 12614 | Orc:2    | Found a staircase to the Elven Halls.
 12808 | Orc:2    | Reached ***** piety under Trog
 13026 | Orc:2    | Reached XP level 12. HP: 85/108 MP: 11/11
 13351 | Orc:2    | Noticed a two-headed ogre
 13357 | Orc:2    | Paralysed by an orc sorcerer for 5 turns
 13361 | Orc:2    | Slain by a two-headed ogre

Illustrated notes

Levels and vault maps discovered:
D:1:      spicycebolla_arrival_risky_transporter, layout_rooms,
          shapermc_ecumenical_altar_petra, minivault_26
D:2:      layout_basic, guppyfry_early_orc_mine, uniq_terence
D:3:      layout_loops_cross, nicolae_elyvilon_temple_path, serial_undead,
          serial_undead_d, serial_undead_c, serial_undead_b, serial_undead_b,
          amcnicky_mini_pool_small, uniq_natasha, uniq_jessica
D:4:      layout_cave_pools, lemuel_crystal_altar, serial_shops, shop,
          minmay_misc_feat_plants, minmay_manual_mail
D:5:      layout_basic, grunt_decor_arrowhead, kennysheep_decorative_pillar,
          minmay_shop_mayhem
D:6:      layout_basic, mainiacjoe_overflow_catwalk_spiral,
          minmay_misc_feat_cross, grunt_ministairs_14, minmay_starry_boxes
D:7:      layout_basic, tso_altar, general_overflow_altar,
          minmay_temple_entry_statues_fountains
D:8:      layout_rooms, fedhas_bush_and_centaur_altar,
          gammafunk_ghost_berserking_beasts, uniq_prince_ribbit1
D:9:      layout_roguey, lemuel_round_altar, uniq_pikel
D:10:     layout_big_octagon, amcnicky_mini_rare_corridor_liquid,
          minmay_shattered_shrine, uniq_josephine
D:11:     layout_stronghold, due_lair_maze_entry_diamond, orc_0_dummy,
          serial_shops, nicolae_shop_crystal, uniq_maurice
D:12:     layout_roguey [special_room_orc]
Orc:1:    layout_diamond_mine, nicolae_orc_flooded_monolith,
          nicolae_shop_clearance
Orc:2:    hellmonk_orc_salted, layout_caves, basic_altar,
          portal_ice_cave_entry_animals_and_master

Skill      XL: |  1  2  3  4  5  6  7  8  9 10 11 12 |
---------------+-------------------------------------+-----
Axes           | 4 5 6 7 10 13 16 | 16.0
Armour         | 3 6 7 8 |  8.0
Fighting       | 4 10 11 | 11.1
Dodging        | 3 |  3.1
Throwing       | 1 2 3 |  3.1
Shields        | 2 11 | 11.3

Action                   |  1- 3 |  4- 6 |  7- 9 | 10-12 || total
-------------------------+-------+-------+-------+-------++-------
Melee: Hand axe          |   102 |   108 |       |       ||   210
       Headbutt          |    14 |    16 |    34 |    59 ||   123
       Executioner's axe |       |     1 |    53 |       ||    54
       Punch             |       |     1 |     2 |       ||     3
       War axe           |       |       |   161 |   334 ||   495
Throw: Boomerang         |       |     2 |       |     3 ||     5
Invok: Berserk           |     2 |     2 |     4 |     3 ||    11
       Trog's Hand       |       |       |       |     3 ||     3
  Use: Scroll            |       |       |     5 |     8 ||    13
 Stab: Sleeping          |       |     1 |       |       ||     1
Armor: Animal skin       |    28 |       |       |       ||    28
       Chain mail        |       |    59 |   152 |     5 ||   216
       Plate armour      |       |       |       |    85 ||    85
       Ring mail         |       |       |       |    10 ||    10
Dodge: Dodged            |    77 |    54 |   116 |   136 ||   383
Block: Buckler           |       |       |       |   104 ||   104
       Reflection        |       |       |       |     3 ||     3

Table legend: (Time is in decaauts)
 A = Elapsed time spent in this place.
 B = Non-inter-level travel time spent in this place.
 C = Inter-level travel time spent in this place.
 D = Time resting spent in this place.
 E = Time spent auto-exploring this place.
 F = Levels seen in this place.
 G = Mean time per level.
                   A        B        C        D        E       F      G
               +--------+--------+--------+--------+--------+-----+--------+
         Total |  13450 |  13381 |     69 |   4882 |   5314 |  14 |  960.7 |
       Dungeon |  12350 |  12281 |     69 |   4643 |   4722 |  12 | 1029.2 |
  Orcish Mines |   1099 |   1099 |      0 |    238 |    592 |   2 |  549.5 |
               +--------+--------+--------+--------+--------+-----+--------+

Top non-repeatable levels by time:
     D:8: 2688 daAuts
     D:7: 1752 daAuts
     D:6: 1518 daAuts
     D:9: 1231 daAuts
     D:1: 1202 daAuts
     D:2: 1104 daAuts
     D:5: 1049 daAuts
   Orc:2: 1046 daAuts
    D:10: 826 daAuts
     D:3: 550 daAuts
    D:11: 391 daAuts
   Orc:1: 52 daAuts
     D:4: 33 daAuts
    D:12: 1 daAuts
